 Dungeon Crawl Stone Soup version 0.30-a0-534-gdc55766716 (webtiles) character file.

Game seed: 8024097741957627397

79 Newt the Trooper (level 4, -1/35 HPs)
             Began as a Demonspawn Gladiator on Dec 24, 2022.
             Slain by a shadow imp (4 damage)
             ... summoned by Natasha
             ... on level 2 of the Dungeon.
             The game lasted 00:01:14 (1392 turns).

Newt the Trooper (Demonspawn Gladiator)             Turns: 1392, Time: 00:01:15

Health: -1/35      AC:  3    Str: 17    XL:     4   Next: 16%
Magic:  4/4        EV: 12    Int:  9    God:
Gold:   88         SH:  0    Dex: 14    Spells: 3/3 levels left

rFire   . . .      SeeInvis .    a - +0 rapier
rCold   . . .      Faith    .    (no shield)
rNeg    . . .      Spirit   .    b - +0 leather armour
rPois   .          Reflect  .    (helmet restricted)
rElec   .          Harm     .    (no cloak)
rCorr   .          Rampage  .    (no gloves)
Will    .....                    (no boots)
Stlth   ++                       (no amulet)
HPRegen 0.25/turn                (no ring)
MPRegen 0.09/turn                (no ring)

@: about to teleport
A: hooves 1, horns 1, demonic magic 1
a: no special abilities


You were on level 2 of the Dungeon.
You visited 1 branch of the dungeon, and saw 2 of its levels.

You collected 88 gold pieces.

Inventory:

Hand Weapons
 a - a +0 rapier (weapon)
Missiles
 d - 3 throwing nets (quivered)
 e - a javelin
Armour
 b - a +0 leather armour (worn)
 c - a +0 helmet
Scrolls
 f - a scroll of teleportation
 g - 4 scrolls of identify
 i - a scroll of magic mapping {unknown}
 j - a scroll of fog {unknown}
Potions
 h - a potion of mutation


   Skills:
 + Level 3.1 Fighting
 - Level 2.6 Short Blades
 - Level 1.7 Throwing
 - Level 2.6 Dodging
 - Level 3.0 Stealth


You had 3 spell levels left.
You didn't know any spells.
Your spell library contained the following spells:

 Spells                   Type           Power      Damage    Failure   Level
 Gell's Gravitas          Tloc           0%         N/A       83%         3
 Lesser Beckoning         Tloc           0%         N/A       83%         3
 Teleport Other           Tloc           0%         N/A       83%         3


Dungeon Overview and Level Annotations

Branches:
Dungeon (2/15)

Altars:

Annotations:
D:2 Natasha


Innate Abilities, Weirdness & Mutations

You have large cloven feet.
You have a pair of small horns on your head.
Spells you cast may paralyse adjacent enemies.


Message History

You are too injured to fight recklessly!
You are too injured to fight recklessly!
You are too injured to fight recklessly!
You are too injured to fight recklessly!
You are too injured to fight recklessly!
You are too injured to fight recklessly!
You are too injured to fight recklessly!
You are too injured to fight recklessly!
You are too injured to fight recklessly!
You are too injured to fight recklessly!
You are too injured to fight recklessly!
Unknown command.
You hit Natasha but do no damage. You kick Natasha.
Natasha is almost dead.
Natasha drinks a potion.
Natasha is healed!
The shadow imp hits you. The shadow imp gestures at you.
Pain shoots through your body!
* * * LOW HITPOINT WARNING * * *
Unknown command.
You hit Natasha but do no damage. You kick Natasha, but do no damage.
Natasha is moderately wounded.
Natasha barely misses you. The shadow imp hits you.
* * * LOW HITPOINT WARNING * * *
The shadow imp barely misses you.
Natasha casts a spell.
Okay, then.
As you read the scroll labelled GUSUUC IRCH, it crumbles to dust.
It is a scroll of identify.
h - a potion of mutation The shadow imp closely misses you.
The shadow imp hits you.
* * * LOW HITPOINT WARNING * * *
Natasha claws you.
* * * LOW HITPOINT WARNING * * *
Okay, then.
Okay, then.
Unknown command.
As you read the scroll labelled NYFICHATZA, it crumbles to dust.
You feel strangely unstable.
It was a scroll of teleportation.
The shadow imp hits you.
You die...

#.###..# .# #
#......##.# #.# ...
#..##.###.# #.# ...
##.........# #.# .##
...........###.### ..
#...##...........## ##
#...#.............## #
##
#..........###.....#....
..
#..[..#.#....).5@....#
.#
#.#####.##.###†5h5.###
#.# #.##.# ##...##
#.#####.##.# ##.## #
#.<........# #.# #
######.###.# #.. .. #.#
#.# #### . #.# #.# #.#
#.#


You could see Natasha, a crimson imp (summoned) and 2 shadow imps.

Vanquished Creatures
  Natasha (D:2)
  A worm (D:2)
  4 dart slugs
  2 ball pythons (D:1)
  6 bats
  2 endoplasms (D:1)
  A giant cockroach (D:2)
  3 goblins (D:1)
  6 hobgoblins
  2 jackals (D:1)
  2 quokkas
  7 kobolds
  2 rats
39 creatures vanquished.

Notes
Turn   | Place    | Note
-------+----------+-------------------------------------------
     0 | D:1      | Newt the Demonspawn Gladiator began the quest for the Orb.
     0 | D:1      | Reached XP level 1. HP: 16/16 MP: 1/1
    76 | D:1      | Reached skill level 1 in Stealth
   146 | D:1      | Found a faded altar of an unknown god.
   147 | D:1      | Noticed an eye of devastation
   152 | D:1      | Noticed a shining eye
   156 | D:1      | Noticed a shining eye
   162 | D:1      | Noticed a golden eye
   166 | D:1      | Discovered your monstrous ancestry.
   166 | D:1      | Gained mutation: You have large cloven feet. [demonic
                  | ancestry]
   166 | D:1      | Reached XP level 2. HP: 22/22 MP: 2/2
   590 | D:1      | Gained mutation: You have a pair of small horns on your
                  | head. [demonic ancestry]
   590 | D:1      | Reached XP level 3. HP: 24/27 MP: 3/3
  1087 | D:2      | Noticed Natasha
  1092 | D:2      | Killed Natasha
  1187 | D:2      | Gained mutation: Spells you cast may paralyse adjacent
                  | enemies. [demonic ancestry]
  1187 | D:2      | Reached XP level 4. HP: 34/34 MP: 4/4
  1377 | D:2      | Noticed Natasha
  1392 | D:2      | Slain by a shadow imp

Illustrated notes

Levels and vault maps discovered:
D:1:      dpeg_arrival_snail, layout_loops_cross,
          hellmonk_ecumenical_altar_watching_god, serial_aquarium,
          aquarium_bridge_square [aquarium_subvault_window,
          aquarium_subvault_bridge, aquarium_subvault_window,
          aquarium_subvault_balcony], aquarium_window_2, aquarium_window_1,
          aquarium_view_2b, aquarium_pool_side
D:2:      layout_loops_ring, uniq_natasha

Skill      XL: |  1  2  3  4 |
---------------+-------------+-----
Stealth        | 1 2 3 |  3.0
Fighting       | 3 |  3.1
Short Blades   | |  2.6
Throwing       | |  1.7
Dodging        | |  2.6

Action                   |  1- 3 |  4- 6 || total
-------------------------+-------+-------++-------
Melee: Rapier            |    75 |    26 ||   101
       Kick              |    11 |     7 ||    18
       Headbutt          |     4 |     6 ||    10
  Use: Scroll            |       |     2 ||     2
 Stab: Sleeping          |     7 |     2 ||     9
Armor: Leather armour    |    26 |     2 ||    28
Dodge: Dodged            |    61 |    11 ||    72

Table legend: (Time is in decaauts)
 A = Elapsed time spent in this place.
 B = Non-inter-level travel time spent in this place.
 C = Inter-level travel time spent in this place.
 D = Time resting spent in this place.
 E = Time spent auto-exploring this place.
 F = Levels seen in this place.
 G = Mean time per level.
                   A        B        C        D        E       F      G
               +--------+--------+--------+--------+--------+-----+--------+
         Total |   1399 |   1313 |     86 |      0 |   1081 |   2 |  699.5 |
       Dungeon |   1399 |   1313 |     86 |      0 |   1081 |   2 |  699.5 |
               +--------+--------+--------+--------+--------+-----+--------+

Top non-repeatable levels by time:
     D:1: 1034 daAuts
     D:2: 365 daAuts
